 Dungeon Crawl Stone Soup version 0.28-a0-1404-g4df0f3684d (webtiles) character file.

Game seed: 10222802186013513826

1500 agentchuck the Chopper (level 8, -5/70 HPs)
             Began as a Ghoul Gladiator on Jan 5, 2022.
             Was a Follower of Makhleb.
             Slain by Harold (25 damage)
             ... on level 7 of the Dungeon.
             The game lasted 00:12:59 (5332 turns).

agentchuck the Chopper (Ghoul Gladiator)            Turns: 5332, Time: 00:13:00

Health: -5/70      AC: 10    Str: 20    XL:     8   Next: 81%
Magic:  7/7        EV: 11    Int:  3    God:    Makhleb [*.....]
Gold:   210        SH:  0    Dex: 10    Spells: 7/7 levels left

rFire   . . .      SeeInvis .   q - +1 war axe (elec)
rCold   + . .      Faith    .   (no shield)
rNeg    + + +      Spirit   .   t - +1 ring mail {Will+}
rPois   ∞          Reflect  .   c - +0 helmet
rElec   .          Harm     .   o - +1 cloak
rCorr   .          Rampage  .   (no gloves)
Will    +....                   (no boots)
Stlth   ..........              g - amulet of regeneration
HPRegen 0.00/turn               (no ring)
MPRegen 0.10/turn               (no ring)

@: marked, inhibited regen
A: claws 1, cold resistance 1, negative energy resistance 3, inhibited
regeneration, torment resistance 2
a: Renounce Religion


You were on level 7 of the Dungeon.
You worshipped Makhleb.
Makhleb was aware of your devotion.
You visited 2 branches of the dungeon, and saw 8 of its levels.

You collected 279 gold pieces.
You spent 69 gold pieces at shops.


Innate Abilities, Weirdness & Mutations

You thrive by killing the living.
You are immune to poison.
You have sharp fingernails.
Your flesh is cold resistant. (rC+)
You are immune to negative energy. (rN+++)
You do not regenerate when monsters are visible.
You are immune to unholy pain and torment.


   Skills:
 + Level 6.2 Fighting
 + Level 7.8 Axes
 - Level 1.7 Throwing
 + Level 3.9 Armour
 - Level 2.6 Dodging


You had 7 spell levels left.
You didn't know any spells.
Your spell library contained the following spells:

 Spells                   Type           Power      Damage    Failure   Level
 Gell's Gravitas          Tloc           0%         N/A       96%         3
 Lesser Beckoning         Tloc           0%         N/A       96%         3
 Teleport Other           Tloc           0%         N/A       96%         3

Inventory:

Hand Weapons
 e - a +0 hunting sling
 p - a +1 dagger of venom
 q - a +1 war axe of electrocution (weapon)
 w - a +2 vorpal hand axe
Missiles
 a - 80 sling bullets
 d - a throwing net (quivered) {=f}
 i - 246 stones
Armour
 c - a +0 helmet (worn)
 k - a +0 chain mail
 o - a +1 cloak (worn)
 t - a +1 ring mail of willpower (worn)
Jewellery
 g - an amulet of regeneration (around neck)
 G - an amulet of guardian spirit
Wands
 f - a wand of flame (7)
Scrolls
 r - 2 scrolls of teleportation {@r4}
 s - a scroll of identify {unknown}
Potions
 b - a potion of might {unknown}
 j - a potion of invisibility
 l - a potion of magic {unknown}
 n - 2 potions of degeneration {unknown}
 u - a potion of lignification {unknown}
 v - 2 potions of brilliance {unknown}
 x - a potion of mutation {unknown}

Dungeon Overview and Level Annotations

Branches:
Dungeon (7/15)             Temple (1/1) D:4

Altars:
Ashenzari
Cheibriados
Dithmenos
Elyvilon
Fedhas
Gozag
Hepliaklqana
Kikubaaqudgha
Makhleb
Nemelex Xobeh
Okawaru
Qazlal
Ru
Sif Muna
Trog
Uskayaw
Vehumet
Wu Jian
Xom
Yredelemnul
Zin
The Shining One

Shops:
D:4 *

Annotations:
D:2 Sigmund
D:3 1 runed translucent door, Crazy Yiuf
D:7 Harold

......# ###.####.........
......# #........<.....#
......# # #.##.##........#
......# .# #.##.##........#
.######## ..# #.##.##.....#+##
........#...##.#.##..##.####.#
####..@o'...'..#.|...........#
#.##.#...########.##.######
#.##.#......@@)....#.#
#.##.....!######.#.#.#
#.####.. ... #.#...# #.. ..#
oo #^##..##### ###### # .
..##.>....# ..# #########.#
#.# #..# #.# #.#
#..#################.# #<#
#..#.................#


You could see Harold.


Message History

Harold is almost dead.
Harold gestures at you while chanting. A sentinel's mark forms upon you.
Unknown command.
You slash Harold!
Harold is almost dead.
Harold hits you with a +2 scimitar of electrocution!
You hit Harold but do no damage.
Harold is almost dead.
Harold says, "Try to look on the bright side.
Your death will help put my children through school."
Harold barely misses you.
You barely miss Harold.
Harold is almost dead.
Harold hits you with a +2 scimitar of electrocution!
You are electrocuted!!
* * * LOW HITPOINT WARNING * * *
Throw: 3 throwing nets {=f}
Press: ? - help, Shift-Dir - straight line, f/p - Harold
Aim: Harold, wielding a +2 scimitar of electrocution, wearing a +1 scale mail of poison resistance and quivering 5 throwing nets (almost dead, 70% to hit)
You throw a throwing net {=f}.
The throwing net {=f} closely misses Harold.
Harold hits you but does no damage.
Throw: 2 throwing nets {=f}
Press: ? - help, Shift-Dir - straight line, f/p - Harold
Aim: Harold, wielding a +2 scimitar of electrocution, wearing a +1 scale mail of poison resistance and quivering 5 throwing nets (almost dead, 70% to hit)
You throw a throwing net {=f}.
The throwing net {=f} closely misses Harold.
Harold considers, "I think I'll use your bounty to get a villa in the mountains..."
Harold hits you with a +2 scimitar of electrocution!!
You die...

Skill      XL: |  1  2  3  4  5  6  7  8 |
---------------+-------------------------+-----
Axes           | 3 4 5 6 7 |  7.8
Fighting       | 3 4 6 |  6.2
Armour         | 2 3 |  3.9
Throwing       | |  1.7
Dodging        | |  2.6

Action                   |  1- 3 |  4- 6 |  7- 9 || total
-------------------------+-------+-------+-------++-------
Melee: Hand axe          |    56 |   150 |    78 ||   284
       War axe           |       |     7 |    88 ||    95
       Punch             |       |     1 |     3 ||     4
 Fire: Hunting sling     |       |       |    12 ||    12
Throw: Stone             |       |     7 |       ||     7
       Throwing net      |       |       |     3 ||     3
Evoke: Wand              |       |       |     6 ||     6
  Use: Scroll            |     2 |     4 |     2 ||     8
       Potion            |       |       |     1 ||     1
 Stab: Invisible         |       |       |     1 ||     1
       Held in net/web   |       |       |     1 ||     1
Armor: Ring mail         |    10 |       |    54 ||    64
       Scale mail        |     1 |    66 |    19 ||    86
Dodge: Dodged            |    45 |    72 |    78 ||   195

Levels and vault maps discovered:
D:1:      wheals_arrival_shading, layout_loops_ring, minmay_misc_feat_enclosed,
          minivault_19
D:2:      layout_loops_ring, dreamdust_ecumenical_altar_angels_and_demons,
          dk_noncrumbling_3, uniq_terence, uniq_sigmund, uniq_natasha
D:3:      layout_loops_ring, guppyfry_early_lair_pool, uniq_crazy_yiuf_cottage
D:4:      layout_loops_ring, grunt_gozag_statues,
          minmay_temple_entry_nine_rooms, serial_shops, nicolae_shop_waterfront,
          eino_small_chamber_without_monster, solitary_fountain,
          minmay_lizard_king
D:5:      layout_basic
D:6:      layout_basic, dk_noncrumbling_4
D:7:      layout_basic, uniq_harold
Temple:   mainiacjoe_temple_archimedes_tessellation

Notes
Turn   | Place    | Note
-------+----------+-------------------------------------------
     0 | D:1      | agentchuck the Ghoul Gladiator began the quest for the Orb.
     0 | D:1      | Reached XP level 1. HP: 17/17 MP: 0/0
   121 | D:1      | Reached skill level 3 in Axes
   157 | D:1      | Reached XP level 2. HP: 24/24 MP: 1/1
   641 | D:2      | Noticed Terence
   641 | D:2      | Noticed Sigmund
   708 | D:2      | Found a faded altar of an unknown god.
   734 | D:2      | Reached XP level 3. HP: 29/29 MP: 2/2
   755 | D:2      | Killed Terence
   756 | D:2      | Reached skill level 4 in Axes
   895 | D:2      | Reached XP level 4. HP: 36/36 MP: 3/3
  1426 | D:3      | Reached skill level 5 in Axes
  1483 | D:2      | Reached XP level 5. HP: 15/41 MP: 4/4
  1521 | D:2      | Noticed Natasha
  1533 | D:2      | Killed Natasha
  1739 | D:2      | Noticed Natasha
  1744 | D:2      | Killed Natasha
  2338 | D:3      | Found a runed translucent door.
  2339 | D:3      | Noticed Crazy Yiuf
  2714 | D:4      | Reached XP level 6. HP: 37/48 MP: 5/5
  2786 | D:4      | Reached skill level 6 in Axes
  2902 | D:4      | Found a staircase to the Ecumenical Temple.
  2910 | Temple   | Entered the Ecumenical Temple
  3097 | Temple   | Became a worshipper of Makhleb the Destroyer
  3211 | D:4      | Reached skill level 3 in Fighting
  3267 | D:4      | Found Zoluebodo's Assorted Antiques.
  3286 | D:4      | Bought a scroll labelled IMEOJA TEUMONE for 23 gold pieces
  3286 | D:4      | Bought a scroll labelled RAVOMARIFOA for 23 gold pieces
  3286 | D:4      | Bought a scroll labelled NERECR VAPS for 23 gold pieces
  3392 | D:4      | Found an opulent altar of Gozag.
  3631 | D:5      | Entered Level 5 of the Dungeon
  3683 | D:5      | You fall into a shaft and drop 2 floors!
  3695 | D:7      | Reached XP level 7. HP: 57/58 MP: 6/6
  3759 | D:7      | Reached skill level 4 in Fighting
  3759 | D:7      | Reached skill level 1 in Armour
  3900 | D:7      | Reached skill level 2 in Armour
  3914 | D:7      | Reached skill level 7 in Axes
  3914 | D:7      | Reached XP level 8. HP: 67/67 MP: 7/7
  4020 | D:7      | Reached skill level 5 in Fighting
  4045 | D:7      | Reached * piety under Makhleb
  4084 | D:7      | Noticed Harold
  4404 | D:6      | Reached skill level 3 in Armour
  4766 | D:6      | Reached skill level 6 in Fighting
  5332 | D:7      | Slain by Harold

Vanquished Creatures
  A water moccasin (D:7)
  A sky beast (D:6)
  4 ice beasts
  A centaur (D:7)
  3 bullfrogs
  A bullfrog zombie (D:7)
  4 centaur skeletons
  2 jellies (D:4)
  2 orc priests
  A bullfrog skeleton (D:6)
  Natasha (twice) (D:2)
  Terence (D:2)
  4 iguanas
  An orc wizard (D:6)
  A killer bee zombie (D:7)
  3 gnolls
  4 adders
  An adder skeleton (D:4)
  2 worms
  4 dart slugs
  10 orcs
  4 ball pythons
  6 endoplasms
  2 giant cockroaches (D:2)
  7 hobgoblins
  A quokka (D:3)
  3 bats
  8 frilled lizards (D:4)
  7 goblins
  6 kobolds
  2 rats
99 creatures vanquished.

Vanquished Creatures (others)
  6 plants
6 creatures vanquished.

Grand Total: 105 creatures vanquished

Table legend: (Time is in decaauts)
 A = Elapsed time spent in this place.
 B = Non-inter-level travel time spent in this place.
 C = Inter-level travel time spent in this place.
 D = Time resting spent in this place.
 E = Time spent auto-exploring this place.
 F = Levels seen in this place.
 G = Mean time per level.
                   A        B        C        D        E       F      G
               +--------+--------+--------+--------+--------+-----+--------+
         Total |   5356 |   4942 |    414 |    501 |   2660 |   8 |  669.5 |
       Dungeon |   5138 |   4786 |    352 |    501 |   2525 |   7 |  734.0 |
        Temple |    218 |    156 |     62 |      0 |    135 |   1 |  218.0 |
               +--------+--------+--------+--------+--------+-----+--------+

Top non-repeatable levels by time:
     D:2: 1059 daAuts
     D:6: 1024 daAuts
     D:3: 900 daAuts
     D:1: 747 daAuts
     D:4: 723 daAuts
     D:7: 632 daAuts
  Temple: 218 daAuts
     D:5: 50 daAuts

Table legend:
 A = Non-vault XP
 B = Vault XP
 C = Vault XP percentage of total XP
 D = Non-vault monster count
 E = Vault monster count
 F = Vault count percentage of total count
                 A         B        C        D         E       F
            +---------+---------+-------+---------+---------+-------
      Total |    2029 |     115 |   5.4 |      88 |      11 |  11.1
            +---------+---------+-------+---------+---------+-------
        D:1 |      27 |       0 |   0.0 |      14 |       0 |   0.0
        D:2 |     126 |      72 |  36.4 |      22 |       2 |   8.3
        D:3 |      60 |       0 |   0.0 |      10 |       0 |   0.0
        D:4 |     186 |      43 |  18.8 |      13 |       9 |  40.9
        D:5 |      39 |       0 |   0.0 |       1 |       0 |   0.0
        D:6 |     689 |       0 |   0.0 |      11 |       0 |   0.0
        D:7 |     902 |       0 |   0.0 |      17 |       0 |   0.0
            +---------+---------+-------+---------+---------+-------
